 Dungeon Crawl Stone Soup version 0.28-b1-25-g9875b3fc8c (webtiles) character file.

Game seed: 1729296442273763172

84292 Minsecho the Earth Mage (level 15, -2/92 HPs)
             Began as a Gargoyle Earth Elementalist on Jan 31, 2022.
             Was a Believer of Ashenzari.
             Slain by a two-headed ogre (17 damage)
             ... on level 15 of the Dungeon.
             The game lasted 01:09:28 (30201 turns).

Minsecho the Earth Mage (GrEE)                     Turns: 30201, Time: 01:09:29

Health: -2/92      AC: 29    Str: 16    XL:     15   Next: 80%
Magic:  35/36      EV: 12    Int: 23    God:    Ashenzari [**....]
Gold:   1444       SH:  5    Dex: 13    Spells: 28/49 levels left

rFire   + + .      SeeInvis +   e - staff of earth (curse) {Elem, Melee}
rCold   + . .      Faith    .   Z - +0 buckler
rNeg    + . .      Spirit   .   x - +2 ring mail "Thunder Perfect Mind" {rF+, Fort, Self} (curse)
rPois   ∞          Reflect  .   i - +2 hat
rElec   +          Harm     .   r - +2 cloak "Shattered Limitation" {Will+, Cun, Self} (curse)
rCorr   .          Rampage  .   w - +1 pair of gloves "Seeker of Ashenzari" {Evo, Self} (curse)
Will    +++..                   H - +0 pair of boots
Stlth   ++........              W - amulet of Pyatzaat {RegenMP rC+}
HPRegen 0.25/turn               t - ring of willpower
MPRegen 0.65/turn               B - ring "Voemuamaki" {rF+ Str-2 Int+6 Dex+3}

@: flying
A: sickness immunity, AC +11, big wings, negative energy resistance 1,
electricity resistance, torment resistance 1, petrification resistance, robust 1
a: Renounce Religion, Curse Item, Shatter the Chains


You were on level 15 of the Dungeon.
You worshipped Ashenzari.
Ashenzari was pleased with you.
You visited 3 branches of the dungeon, and saw 22 of its levels.

You collected 1575 gold pieces.
You spent 131 gold pieces at shops.

Inventory:

Missiles
 c - 124 stones
 L - 2 throwing nets
Armour
 i - a +2 hat (worn)
 r - the cursed +2 cloak "Shattered Limitation" (worn) {Will+, Cun, Self}
   (You took it off Crazy Yiuf on level 4 of the Dungeon)

   It has a curse which improves the following skills: Cunning: Dodging and
   Stealth.
   Introspection: Fighting and Spellcasting.
 w - the cursed +1 pair of gloves "Seeker of Ashenzari" (worn) {Evo, Self}
   (You found it on level 5 of the Dungeon)

   It has a curse which improves the following skills: Evocations: Evocations.
   Introspection: Fighting and Spellcasting.
 x - the cursed +2 ring mail "Thunder Perfect Mind" (worn) {rF+, Fort, Self}
   (You found it on level 5 of the Dungeon)

   It has a curse which improves the following skills: Fortitude: Armour and
   Shields.
   Introspection: Fighting and Spellcasting.
 H - a +0 pair of boots (worn)
 Z - a +0 buckler (worn)
Magical Staves
 e - a cursed staff of earth (weapon) {Elem, Melee}
Jewellery
 f - an amulet of reflection
 h - a ring of protection from cold
 t - a ring of willpower (left hand)
 y - a +6 ring of strength
 B - the ring "Voemuamaki" (right hand) {rF+ Str-2 Int+6 Dex+3}
   (You found it on level 6 of the Dungeon)

   [ring of protection from fire]

   Str:       It affects your strength (-2).
   Int:       It affects your intelligence (+6).
   Dex:       It affects your dexterity (+3).
   rF:        It protects you from fire.
 F - a ring of fire
 G - a +6 ring of strength
 R - a ring of fire
 V - a ring of magical power
 W - the amulet of Pyatzaat (around neck) {RegenMP rC+}
   (You found it on level 1 of the Lair of Beasts)

   [amulet of magic regeneration]

   It increases your rate of magic regeneration.
   rC:        It protects you from cold.
Wands
 m - a wand of iceblast (13)
 E - a wand of charming (15)
 J - a wand of mindburst (13)
 Q - a wand of polymorph (9)
 S - a wand of flame (23)
Scrolls
 a - 3 scrolls of fog
 g - 5 scrolls of fear
 j - 2 scrolls of holy word
 l - a scroll of silence
 n - 2 scrolls of enchant armour
 o - 2 scrolls of torment
 u - 3 scrolls of vulnerability
 D - 7 scrolls of teleportation
 I - 3 scrolls of amnesia
 K - a scroll of enchant weapon
 M - 2 scrolls of summoning
 O - 2 scrolls of immolation
 U - 3 scrolls of magic mapping
Potions
 b - 4 potions of might
 d - a potion of heal wounds
 p - 2 potions of magic
 q - 2 potions of ambrosia
 s - 6 potions of brilliance
 v - 3 potions of cancellation
 z - 8 potions of lignification
 A - 8 potions of curing
 C - 3 potions of attraction
 N - 5 potions of degeneration
 P - 4 potions of flight
 T - 2 potions of resistance
 X - a potion of mutation
 Y - a potion of invisibility
Miscellaneous
 k - a lightning rod (4/4)


   Skills:
 + Level 3.5(5.7) Fighting
 + Level 1.5(2.4) Staves
 + Level 7.4(8.7) Armour
 + Level 5.1(6.3) Dodging
 - Level 2.5(3.6) Stealth
 - Level 3.1(4.2) Shields
 + Level 15.5(17.9) Spellcasting
 + Level 10.9 Conjurations
 + Level 0.2 Summonings
 + Level 0.7 Transmutations
 + Level 18.6(19.6) Earth Magic
 + Level 6.5(7.7) Evocations


You had 28 spell levels left.
You knew the following spells:

 Your Spells              Type           Power      Damage    Failure   Level
a - Sandblast             Erth           100%       2d20      0%          1
b - Stone Arrow           Conj/Erth      100%       3d13      1%          3
c - Petrify               Tmut/Erth      79%        N/A       1%          4
d - Vampiric Draining     Necr           20%        2d7       17%         3
e - Passwall              Tmut/Erth      65%        N/A       1%          2
f - Call Canine Familiar  Summ           21%        N/A       16%         3
g - Iskenderun's Battles  Conj           63%        2d11      1%          5

Your spell library contained the following spells:

 Spells                   Type           Power      Damage    Failure   Level
 Searing Ray              Conj           100%       2d8       1%          2
 Leda's Liquefaction      Hex/Erth       39%        N/A       1%          4
 Borgnjor's Vile Clutch   Necr/Erth      39%        N/A       2%          5
 Beastly Appendage        Tmut           48%        N/A       4%          1
 Animate Skeleton         Necr           40%        N/A       5%          1
 Apportation              Tloc           40%        N/A       5%          1
 Pain                     Necr           80%        1d8       5%          1
 Slow                     Hex            80%        N/A       5%          1
 Flame Wave               Conj/Fire      46%        2d10      5%          4
 Wereblood                Tmut           24%        N/A       6%          2
 Fulminant Prism          Conj/Hex       22%        3d13      6%          4
 Corpse Rot               Necr/Air       40%        N/A       9%          2
 Ensorcelled Hibernation  Hex/Ice        40%        N/A       9%          2
 Poisonous Vapours        Pois/Air       40%        N/A       9%          2
 Spider Form              Tmut/Pois      22%        N/A       14%         3
 Irradiate                Conj/Tmut      23%        3d21      14%         5
 Frozen Ramparts          Ice            42%        1d6       16%         3
 Inner Flame              Hex/Fire       20%        N/A       16%         3
 Confusing Touch          Hex            20%        N/A       17%         3
 Portal Projectile        Hex/Tloc       40%        N/A       17%         3
 Freezing Cloud           Conj/Ice/Air   18%        6-21      32%         5
 Ice Form                 Ice/Tmut       22%        N/A       41%         4
 Summon Ice Beast         Ice/Summ       21%        N/A       45%         4
 Anguish                  Hex/Necr       10%        N/A       50%         4
 Cause Fear               Hex            10%        N/A       50%         4
 Blade Hands              Tmut           12%        N/A       73%         5
 Alistair's Intoxication  Tmut/Pois      14%        N/A       78%         5
 Eringya's Noxious Bog    Tmut/Pois      11%        N/A       100%        6
 Simulacrum               Ice/Necr       10%        N/A       100%        6
 Dragon Form              Tmut           12%        N/A       100%        7
 Summon Hydra             Summ           10%        N/A       100%        7
 Discord                  Hex            10%        N/A       100%        8
 Polar Vortex             Ice            10%        N/A       100%        9
 Sublimation of Blood     Necr           Unusable   N/A       N/A         2

Dungeon Overview and Level Annotations

Branches:
Dungeon (15/15)            Temple (1/1) D:7            Lair (6/6) D:10
  Swamp (0/4) Lair:3        Snake (0/4) Lair:4        Slime (0/5) Lair:6
    Orc (0/2) D:10         Vaults (0/5) D:14         Depths (0/4) D:15

Altars:
Ashenzari
Cheibriados
Dithmenos
Elyvilon
Fedhas
Gozag
Hepliaklqana
Kikubaaqudgha
Makhleb
Nemelex Xobeh
Okawaru
Qazlal
Ru
Sif Muna
Trog
Uskayaw
Vehumet
Wu Jian
Xom
Yredelemnul
Zin
The Shining One
Beogh
Jiyva

Shops:
D:4 [   D:5 *   D:11 (

Annotations:
D:11 exclusion: obsidian statue
D:13 2 transporters
D:15 Nessos
Lair:5 Bolunijamo's ghost, journeyman GnFi


Innate Abilities, Weirdness & Mutations

You are immune to sickness and miasma.
Your stone body is resilient. (AC +11)
You are immune to poison.
Your large and strong wings let you fly.
You resist negative energy. (rN+)
You are resistant to electric shocks. (rElec)
You are resistant to unholy torment.
You are immune to petrification.
You are robust. (+10% HP)


Message History

The two-headed ogre hits you with a +0 giant club. x2
Items here: )))) [ ††.
You hit the two-headed ogre.
You shatter the two-headed ogre!
The two-headed ogre is severely wounded.
The two-headed ogre closely misses you. You block the two-headed ogre's attack.
You hit the two-headed ogre but do no damage.
The two-headed ogre is severely wounded.
The two-headed ogre closely misses you.
The two-headed ogre hits you with a +0 giant club.
The two-headed ogre closely misses you. x2
You hit the two-headed ogre.
You shatter the two-headed ogre!
The two-headed ogre is almost dead.
The two-headed ogre closely misses you.
The two-headed ogre hits you with a +0 giant club.
The two-headed ogre hits you with a +0 giant club!
The two-headed ogre hits you but does no damage.
You barely miss the two-headed ogre.
The two-headed ogre is almost dead.
You block the two-headed ogre's attack.
The two-headed ogre hits you with a +0 giant club!!
* * * LOW HITPOINT WARNING * * *
Casting: Stone Arrow (safe; 1% risk of failure)
Confirm with . or Enter, or press ? or * to list all spells.
Aiming: Sandblast (safe; 0% risk of failure)
Press: ? - help, Shift-Dir - straight line, f - two-headed ogre
Aim: a two-headed ogre, wielding two +0 giant clubs (almost dead, 92% to hit)
You feel a surge of power!
The blast of sand hits the two-headed ogre!!
You kill the two-headed ogre!
c - 125 stones
Casting: Sandblast (safe; 0% risk of failure)
Confirm with . or Enter, or press ? or * to list all spells.
Aiming: Sandblast (safe; 0% risk of failure)
Press: ? - help, Shift-Dir - straight line, f - two-headed ogre
Aim: a two-headed ogre, wielding a +0 giant spiked club and a +0 giant club (92% to hit)
You feel a surge of power!
The blast of sand misses the two-headed ogre.
c - 124 stones The two-headed ogre hits you with a +0 giant spiked club!
You die...

## .. ,.##* ###.##,..##
#...§.##..## ...§§.§.#..# *
...§§§§..#.## ...§§§§§.#..#
#..§......#O#
,*#..§§.≈≈..#@#
..._..≈≈..#.# .....O)O..#)#
* ♣♣........#.#
♣.O##...#..################
, ,...
#...#.................. ..
O...#......#####...#####
#,c...###......# #...# # **
#.## ######.# #...# #


You could see a two-headed ogre.

Vanquished Creatures
  Snorg (D:13)
  The ghost of Ixoagrun the Bludgeoner, a journeyman MiFi of Okawaru (Lair:3)
  A vault guard (D:14)
  7 hydras
  Erica (D:8)
  5 boulder beetles
  3 centaur warriors
  A death knight (D:11)
  3 catoblepae
  2 ogre magi (D:15)
  10 two-headed ogres
  19 death yaks
  A deep troll shaman (Lair:6)
  2 tengu warriors (D:15)
  A spriggan (Lair:5)
  2 bog bodies (Lair:3)
  11 ugly things
  A wizard (D:14)
  2 deep elf pyromancers (D:12)
  A wolf spider (Lair:6)
  3 manticores
  6 cyclopes
  9 elephants
  Joseph (D:9)
  Maurice (D:9)
  3 black mambas
  2 gargoyles (D:12)
  10 cane toads
  Maggie (D:9)
  2 kobold demonologists
  3 rime drakes
  4 tengu conjurers
  7 komodo dragons
  4 polar bears
  2 trolls
  Grinder (D:5)
  3 slime creatures (D:11)
  13 blink frogs
  7 dream sheep (Lair:5)
  A hornet (Lair:5)
  Prince Ribbit (D:6)
  Sigmund (D:6)
  A jumping spider (shapeshifter) (D:11)
  3 shadows
  9 wyverns
  A vampire (D:11)
  3 wraiths
  A culicivora (shapeshifter) (D:14)
  17 basilisks
  Eustachio (D:5)
  32 yaks
  Menkaure (D:4)
  A swamp worm (Lair:3)
  14 vampire mosquitoes
  3 nagas (Lair:4)
  2 acid dragons
  Edmund (D:6)
  Duvessa (D:4)
  17 water moccasins
  8 orc warriors
  A hornet zombie (D:7)
  An ice beast (D:7)
  2 black bears
  3 ogres (D:15)
  A boggart (Lair:5)
  20 wolves
  13 centaurs
  3 kobold brigands
  Blork the orc (D:4)
  A wyvern zombie (D:7)
  10 bullfrogs
  3 scorpions
  A water moccasin zombie (D:5)
  Dowan (D:4)
  A wyvern skeleton (D:7)
  4 electric eels
  5 wights (D:9)
  3 howler monkeys
  2 lava snakes (Lair:1)
  5 centaur zombies
  6 jellies
  8 orc priests
  2 hounds (D:5)
  Crazy Yiuf (D:4)
  2 bullfrog skeletons
  A centaur skeleton (D:6)
  4 hell rats (Lair:5)
  An iguana (D:7)
  4 orc wizards
  A killer bee zombie (D:7)
  4 adders
  4 white imps
  A worm (D:3)
  45 orcs
  4 bats
  8 endoplasms
  2 giant cockroaches
  4 goblins
  4 hobgoblins
  3 jackals (D:1)
  4 quokkas
  2 ball pythons
  2 frilled lizards
  6 kobolds
  A rat (D:3)
481 creatures vanquished.

Vanquished Creatures (others)
  A basilisk (D:13)
  A human (D:7)
  An orc wizard (D:4)
  61 fungi
  80 plants
144 creatures vanquished.

Grand Total: 625 creatures vanquished

Notes
Turn   | Place    | Note
-------+----------+-------------------------------------------
     0 | D:1      | Minsecho the Gargoyle Earth Elementalist began the quest
                  | for the Orb.
     0 | D:1      | Reached XP level 1. HP: 10/10 MP: 3/3
   309 | D:1      | Reached XP level 2. HP: 16/16 MP: 1/5
   920 | D:2      | Reached XP level 3. HP: 20/20 MP: 3/6
  1666 | D:2      | Reached skill level 4 in Earth Magic
  2459 | D:3      | Found a faded altar of an unknown god.
  2751 | D:3      | Reached XP level 4. HP: 22/24 MP: 5/8
  2957 | D:4      | Learned a level 3 spell: Stone Arrow
  2989 | D:4      | Noticed Menkaure
  3214 | D:4      | Found a runed translucent door.
  3215 | D:4      | Noticed Crazy Yiuf
  3238 | D:4      | Reached skill level 1 in Evocations
  3307 | D:4      | Reached XP level 5. HP: 28/28 MP: 3/9
  3348 | D:4      | Killed Menkaure
  3349 | D:4      | Reached skill level 1 in Fighting
  3349 | D:4      | Reached XP level 6. HP: 27/34 MP: 3/11
  3442 | D:4      | Noticed Blork the orc
  3444 | D:4      | Found Pyuroi Kuby's Antique Armour Emporium.
  3450 | D:4      | Killed Blork the orc
  3451 | D:4      | Reached skill level 5 in Earth Magic
  3455 | D:4      | Bought a ripped robe for 131 gold pieces
  3455 | D:4      | Identified the +2 robe of Old and Reckless {*Corrode rC+
                  | Regen+ Str+3} (You bought it in a shop on level 4 of the
                  | Dungeon)
  3611 | D:4      | Noticed Duvessa
  3628 | D:4      | Killed Duvessa
  3652 | D:4      | Reached XP level 7. HP: 24/38 MP: 0/13
  4017 | D:4      | Noticed Dowan
  4024 | D:4      | Killed Dowan
  4070 | D:4      | Killed Crazy Yiuf
  4233 | D:5      | Entered Level 5 of the Dungeon
  4283 | D:5      | Found a blossoming altar of Fedhas.
  4349 | D:5      | Noticed Eustachio
  4356 | D:5      | Killed Eustachio
  4357 | D:5      | Reached skill level 5 in Spellcasting
  4357 | D:5      | Reached skill level 6 in Earth Magic
  4634 | D:5      | Noticed a wraith
  4644 | D:5      | Killed a wraith
  4645 | D:5      | Reached XP level 8. HP: 38/43 MP: 8/16
  4740 | D:5      | Noticed Grinder
  4743 | D:5      | Killed Grinder
  4744 | D:5      | Reached skill level 7 in Earth Magic
  5137 | D:5      | Found Tuushryu's Serpentskin Sales.
  5378 | D:5      | Reached skill level 1 in Staves
  5378 | D:5      | Reached skill level 8 in Earth Magic
  5378 | D:5      | Reached XP level 9. HP: 47/47 MP: 16/19
  5626 | D:6      | Noticed Edmund
  5631 | D:6      | Killed Edmund
  5666 | D:6      | Noticed Sigmund
  5670 | D:6      | Killed Sigmund
  5671 | D:6      | Reached skill level 1 in Armour
  5683 | D:6      | Found a white marble altar of Elyvilon.
  5695 | D:6      | Noticed Prince Ribbit
  5709 | D:6      | Killed Prince Ribbit
  5771 | D:6      | Identified the ring "Voemuamaki" {rF+ Str-2 Int+6 Dex+3}
  5973 | D:7      | Reached skill level 1 in Shields
  6127 | D:7      | Found a staircase to the Ecumenical Temple.
  6139 | D:7      | Reached skill level 9 in Earth Magic
  6150 | Temple   | Entered the Ecumenical Temple
  6316 | Temple   | Became a worshipper of Ashenzari the Shackled
  6385 | D:7      | Learned a level 4 spell: Petrify
  6451 | D:7      | Learned a level 3 spell: Vampiric Draining
  6604 | D:7      | Reached skill level 5 in Evocations
  6830 | D:7      | Found an ancient bone altar of Kikubaaqudgha.
  6854 | D:7      | Noticed a cyclops
  6871 | D:7      | Killed a cyclops
  6872 | D:7      | Reached XP level 10. HP: 52/52 MP: 19/22
  6887 | D:7      | Identified the +1 chain mail "Ugomey" {-Cast Regen+ rCorr
                  | Str+2}
  7148 | D:7      | Reached skill level 10 in Earth Magic
  7421 | D:8      | Noticed Erica
  7429 | D:8      | Killed Erica
  7898 | D:9      | Noticed Joseph
  8207 | D:9      | Noticed a two-headed ogre
  8215 | D:9      | Killed a two-headed ogre
  8292 | D:9      | Reached * piety under Ashenzari
  8292 | D:9      | Identified a scroll of acquirement
  8293 | D:9      | Acquired the Papyrus of Arcane Weapons
  8363 | D:9      | Killed Joseph
  8725 | D:9      | Noticed Maurice
  8729 | D:9      | Killed Maurice
  8730 | D:9      | Reached skill level 11 in Earth Magic
  8775 | D:9      | Noticed Maggie
  8784 | D:9      | Killed Maggie
  8785 | D:9      | Reached XP level 11. HP: 57/57 MP: 19/26
  9178 | D:9      | Reached ** piety under Ashenzari
  9369 | D:10     | Entered Level 10 of the Dungeon
  9379 | D:10     | Reached skill level 10 in Spellcasting
  9537 | D:10     | Found a bloodstained altar of Trog.
  9542 | D:10     | Found a hazy altar of Hepliaklqana.
  9542 | D:10     | Found a glowing silver altar of Zin.
  9568 | D:10     | Found a staircase to the Lair.
 10248 | D:10     | Reached skill level 12 in Earth Magic
 10263 | D:10     | Found a staircase to the Orcish Mines.
 10780 | D:11     | Reached skill level 1 in Conjurations
 10861 | D:11     | Noticed a cyclops
 10866 | D:11     | Noticed a manticore
 10870 | D:11     | Killed a cyclops
 10873 | D:11     | Killed a manticore
 11113 | D:11     | Identified the +1 shortbow of Gapeajul {flame, rF+ rCorr
                  | Int+4}
 11115 | D:11     | Noticed an obsidian statue
 11115 | D:11     | Identified the Incunabulum of Dark Envenoming
 11118 | D:11     | Gained mutation: Your spells are a little easier to cast,
                  | but a little less powerful. [potion of mutation]
 11118 | D:11     | Gained mutation: You are weak. (Str -2) [potion of
                  | mutation]
 11118 | D:11     | Gained mutation: You are strong-willed. (Will+) [potion of
                  | mutation]
 11119 | D:11     | Lost mutation: Your spells are a little easier to cast, but
                  | a little less powerful. [potion of mutation]
 11119 | D:11     | Lost mutation: You are weak. (Str -2) [potion of mutation]
 11119 | D:11     | Lost mutation: You are strong-willed. (Will+) [potion of
                  | mutation]
 11119 | D:11     | Gained mutation: You have hidden genetic defects. [potion
                  | of mutation]
 11119 | D:11     | Gained mutation: You are robust. (+10% HP) [potion of
                  | mutation]
 11119 | D:11     | Lost mutation: You have hidden genetic defects. [potion of
                  | mutation]
 11268 | D:11     | Noticed a boulder beetle
 11280 | D:11     | Killed a boulder beetle
 11505 | D:11     | Noticed a red ugly thing
 11508 | D:11     | Found Jaegucus's Antique Weapon Emporium.
 11521 | D:11     | Reached skill level 13 in Earth Magic
 11671 | D:11     | Noticed a cyclops
 11677 | D:11     | Killed a cyclops
 11723 | D:11     | Reached XP level 12. HP: 66/72 MP: 10/28
 11827 | D:11     | Noticed a death knight
 11837 | D:11     | Killed a death knight
 12841 | D:12     | Reached skill level 5 in Armour
 12844 | D:12     | Learned a level 2 spell: Passwall
 12848 | D:12     | Learned a level 3 spell: Call Canine Familiar
 12876 | D:12     | Noticed a two-headed ogre
 12883 | D:12     | Killed a two-headed ogre
 13353 | D:12     | Reached skill level 14 in Earth Magic
 13617 | D:13     | Noticed a centaur warrior
 13832 | D:13     | Found a transporter.
 13843 | D:13     | Found a transporter.
 13843 | D:13     | Found a viscous altar of Jiyva.
 13843 | D:13     | Noticed an azure jelly
 13843 | D:13     | Noticed an azure jelly
 13845 | D:13     | Noticed a seven-headed hydra
 13852 | D:13     | Killed a seven-headed hydra
 14107 | D:13     | Reached skill level 5 in Conjurations
 14458 | D:13     | Noticed Snorg
 14466 | D:13     | Killed Snorg
 15137 | D:13     | Killed a centaur warrior
 15141 | D:13     | Reached XP level 13. HP: 44/79 MP: 1/31
 15782 | Lair:1   | Entered Level 1 of the Lair of Beasts
 16142 | Lair:1   | Identified the amulet of Pyatzaat {RegenMP rC+}
 16730 | Lair:1   | Learned a level 5 spell: Iskenderun's Battlesphere
 16979 | Lair:2   | Reached skill level 15 in Earth Magic
 18444 | Lair:3   | Identified the +9 hand axe of Compassion {vamp, rElec Str+8
                  | Dex-3 SInv}
 18547 | Lair:3   | Found a runed translucent door.
 18549 | Lair:3   | Noticed Ixoagrun's ghost (journeyman MiFi)
 19380 | Lair:3   | Found a staircase to the Swamp.
 20188 | Lair:4   | Found a staircase to the Snake Pit.
 20766 | Lair:5   | Gained mutation: Your large and strong wings let you fly.
                  | [Gargoyle growth]
 20766 | Lair:5   | Reached XP level 14. HP: 83/83 MP: 31/33
 20773 | Lair:5   | Reached skill level 16 in Earth Magic
 21554 | Lair:5   | Found a runed translucent door.
 21557 | Lair:5   | Identified the +9 spear of Indomitability {spect, Int+4}
 21557 | Lair:5   | Noticed Bolunijamo's ghost (journeyman GnFi)
 21584 | Lair:5   | Identified the +2 eveningstar of Qigaliq {speed, rPois
                  | Str+3}
 22585 | Lair:3   | Killed Ixoagrun's ghost
 23508 | Lair:6   | Entered Level 6 of the Lair of Beasts
 24029 | Lair:6   | Reached skill level 17 in Earth Magic
 24249 | Lair:5   | HP: 4/83 [death yak (17)]
 25248 | Lair:6   | Found a staircase to the Slime Pits.
 26206 | Lair:6   | Reached XP level 15. HP: 65/90 MP: 21/36
 26483 | Lair:6   | Reached skill level 10 in Conjurations
 27482 | D:14     | Found a gate to the Vaults.
 27753 | D:14     | Reached skill level 5 in Dodging
 27922 | D:14     | Reached skill level 15 in Spellcasting
 28050 | D:14     | Found a broken altar of Ashenzari.
 28182 | D:15     | Entered Level 15 of the Dungeon
 28208 | D:14     | Reached skill level 18 in Earth Magic
 29239 | D:15     | Found a shimmering blue altar of Sif Muna.
 29575 | D:15     | Identified the +6 flail of the Demagogue {spect, rC+ Str+3}
 30135 | D:15     | Found an ornate altar of the Wu Jian Council.
 30136 | D:15     | Noticed Nessos
 30201 | D:15     | Slain by a two-headed ogre

Illustrated notes

Levels and vault maps discovered:
D:1:      sevenhm_arrival_forest_fort_small_6, layout_loops_ring,
          serial_bayou_pond_d, hangedman_feature_mirror,
          chequers_serial_rivers_small_a
D:2:      layout_basic, serial_bayou_ford_a
D:3:      layout_basic, hellmonk_ecumenical_altar_lost_god,
          kennysheep_generic_room_12
D:4:      layout_cave_pools, serial_shops, shop, serial_column_ruins,
          column_ruins_hut, column_ruins_open_tiny, column_ruins_open_small,
          column_ruins_open_small, column_ruins_open_tiny,
          chequers_serial_rivers_micro_c, uniq_menkaure, uniq_blork_the_orc,
          uniq_duvessa, uniq_crazy_yiuf_cottage
D:5:      layout_basic, fedhas_altar_3, hangedman_decor_slide_cut,
          guppyfry_shop_venom, uniq_eustachio, uniq_grinder
D:6:      layout_rooms, mainiacjoe_overflow_small_starburst,
          uniq_prince_ribbit1, uniq_sigmund, uniq_edmund
D:7:      layout_loops_ring, tgw_kikubaaqudgha, minmay_temple_entry_large_hall,
          chequers_garden, hangedman_minor_gate_pass
D:8:      layout_gridville, uniq_erica
D:9:      layout_gridville, uniq_joseph, uniq_maggie, uniq_maurice
D:10:     layout_long_grid, gammafunk_temple_overflow_statue,
          mainiacjoe_overflow_paths, dpeg_oklobed_lair, david_orc_5
D:11:     layout_basic, serial_shops, nicolae_take_the_stairs, st_stairs_2,
          chequers_hall_statues_wall_a, minmay_protected_statue
D:12:     layout_big_octagon
D:13:     gammafunk_jiyva_shrine, layout_long_grid, uniq_snorg
D:14:     layout_gridville, david_vaults_5, ashenzari_altar_1
D:15:     grunt_enter_depths_hoard, layout_small_grid, lemuel_blue_sif_altar,
          hangedman_abyss_or_decor_passed, nicolae_wu_jian_wuxing_cycle,
          uniq_nessos
Temple:   compressed_dpeg_circular_temple
Lair:1:   layout_cave_pods, nicolae_lair_liquid_snakes, lemuel_fruit_fields,
          serial_bayou_shore_b
Lair:2:   layout_gridlike, grunt_megastairs_2
Lair:3:   layout_misc_corridors, nicolae_swamp_entry_splash_gauntlet,
          ebering_ghost_reflecting_pool, minivault_24,
          grunt_forest_stairs_basic, fungi_pond_lemuel, guppyfry_lair_drakes
Lair:4:   layout_cellular_growth, guppyfry_snake_entry_garden,
          serial_bayou_shore_b
Lair:5:   layout_cave_pods, special_room [special_room_mythical_zoo],
          ebering_ghost_funeral_grove
Lair:6:   grunt_lair_end_beastmaster, layout_concentric_octagons,
          nicolae_slime_entry_slimehenge, nicolae_lair_run_with_the_wolves

Skill      XL: |  1  2  3  4  5  6  7  8  9 10 11 12 13 14 15 |
---------------+----------------------------------------------+-----
Dodging        | 2 3 4 5 |  5.1
Earth Magic    | 4 5 6 8 9 11 13 14 15 17 18 | 18.6
Spellcasting   | 3 4 5 6 8 9 11 12 13 14 15 | 15.5
Evocations     | 1 2 3 5 6 |  6.5
Fighting       | 1 2 3 |  3.5
Staves         | 1 |  1.5
Armour         | 3 4 5 6 7 |  7.4
Shields        | 1 2 3 |  3.1
Conjurations   | 2 5 8 9 10 | 10.9
Stealth        | |  2.5
Summonings     | |  0.2
Transmutations | |  0.7

Action                   |  1- 3 |  4- 6 |  7- 9 | 10-12 | 13-15 || total
-------------------------+-------+-------+-------+-------+-------++-------
Melee: Staff             |    47 |    27 |    26 |    26 |    86 ||   212
 Cast: Sandblast         |    43 |    33 |   112 |   218 |   221 ||   627
       Stone Arrow       |       |     3 |       |   147 |   591 ||   741
       Iskenderun's Batt |       |       |       |       |    32 ||    32
       Call Canine Famil |       |       |       |       |     2 ||     2
       Petrify           |       |       |       |       |     1 ||     1
Invok: Curse Item        |       |       |       |     4 |       ||     4
Evoke: Wand              |       |       |       |       |     4 ||     4
  Use: Scroll            |       |     2 |     5 |     2 |     3 ||    12
       Potion            |       |     2 |       |     5 |     2 ||     9
 Stab: Sleeping          |     2 |       |       |       |       ||     2
Armor: Robe              |    21 |    12 |     4 |       |       ||    37
       Ring mail         |       |       |    36 |   140 |   296 ||   472
Dodge: Dodged            |    34 |    26 |    39 |   135 |   292 ||   526
Block: Other             |    10 |     5 |    14 |    66 |     5 ||   100
       Reflection        |       |       |     2 |    13 |     1 ||    16
       Buckler           |       |       |       |       |   107 ||   107
